 Dungeon Crawl Stone Soup version 0.29.0-5-ge4962eb29e (webtiles) character file.

Game seed: 17761093539807228658

55536 wingedge the Fighter (level 14, -7/103 HPs)
             Began as a Mummy Wanderer on Aug 29, 2022.
             Was an Elder of Hepliaklqana.
             Mangled by a sun demon (21 damage)
             ... summoned by an orc high priest
             ... on level 2 of the Orcish Mines.
             The game lasted 01:19:55 (22120 turns).

wingedge the Fighter (Mummy Wanderer)              Turns: 22120, Time: 01:19:55

Health: -7/103     AC: 17    Str: 12    XL:     14   Next: 38%
Magic:  15/17      EV: 17    Int: 12    God:    Hepliaklqana [****..]
Gold:   1595       SH: 14    Dex: 27    Spells: 17/17 levels left

rFire   . . .      SeeInvis +   a - +7 quick blade "Xom's Amusement" {freeze, Int+4}
rCold   + . .      Faith    .   t - +0 kite shield
rNeg    + + +      Spirit   .   N - +2 ring mail {rF+}
rPois   ∞          Reflect  .   c - +1 helmet
rElec   .          Harm     .   x - +2 cloak {Will+}
rCorr   +          Rampage  .   r - +1 pair of gloves of Insurance {Will+ rCorr Dex+4 Stlth+}
Will    +++..                   p - +0 pair of boots
Stlth   ++++......              h - amulet of the acrobat
HPRegen 0.27/turn               q - ring of wizardry
MPRegen 0.15/turn               O - ring of see invisible

@: no status effects
A: reduced essence, cold resistance 1, negative energy resistance 3, torment
resistance 2, heat vulnerability 1, in touch with death 2, no potions
a: Renounce Religion, Recall Ancestor, Ancestor Identity, Transference, Idealise


You were on level 2 of the Orcish Mines.
You worshipped Hepliaklqana.
Hepliaklqana was greatly pleased with you.
You visited 4 branches of the dungeon, and saw 18 of its levels.

You collected 1805 gold pieces.
You spent 210 gold pieces at shops.

Inventory:

Hand Weapons
 a - the +7 quick blade "Xom's Amusement" (weapon) {freeze, Int+4}
   (You acquired it on level 5 of the Dungeon)

   It freezes those it strikes, dealing additional cold damage.
   It can also slow down cold-blooded creatures.
   Int:       It affects your intelligence (+4).
 b - a +0 sling
 o - a +2 dagger of venom
 B - the +6 longbow of Wojual {freeze, rN+}
   (You found it on level 5 of the Lair of Beasts)

   Any ammunition fired from it freezes those it strikes, dealing additional
   cold damage.
   It can also slow down cold-blooded creatures.
   rN:        It protects you from negative energy.
 K - a +2 great sword
 L - a +2 short sword of venom
 P - a +1 antimagic mace
Missiles
 s - 14 boomerangs (quivered)
 D - 6 curare-tipped darts
 E - 31 poisoned darts
Armour
 c - a +1 helmet (worn)
 p - a +0 pair of boots (worn)
 r - the +1 pair of gloves of Insurance (worn) {Will+ rCorr Dex+4 Stlth+}
   (You found it on level 3 of the Dungeon)

   Dex:       It affects your dexterity (+4).
   rCorr:     It protects you from acid and corrosion.
   Will:      It increases your willpower.
   Stlth:     It makes you more stealthy.
 t - a +0 kite shield (worn)
 x - a +2 cloak of willpower (worn)
 N - a +2 ring mail of fire resistance (worn)
Magical Staves
 w - a staff of cold
 I - a staff of earth
Jewellery
 h - an amulet of the acrobat (around neck)
 q - a ring of wizardry (left hand)
 y - an amulet of faith
 G - an amulet of reflection
 O - a ring of see invisible (right hand)
Wands
 i - a wand of mindburst (14)
 z - a wand of light (9)
 A - a wand of polymorph (13)
 F - a wand of iceblast (3)
 M - a wand of charming (13)
Scrolls
 d - 6 scrolls of fog
 e - a scroll of silence
 g - 2 scrolls of blinking
 j - a scroll of immolation {unknown}
 k - 5 scrolls of teleportation
 l - 10 scrolls of magic mapping
 m - a scroll of enchant weapon
 n - 2 scrolls of amnesia
 u - 4 scrolls of poison
 v - a scroll of fear
 H - a scroll of vulnerability {unknown}
Miscellaneous
 f - a piece from Xom's chessboard (15/15)


   Skills:
 - Level 12.0 Fighting
 - Level 9.9(10.0) Short Blades
 - Level 0.6(6.2) Long Blades
 - Level 3.2 Staves
 - Level 1.0 Ranged Weapons
 - Level 2.0 Throwing
 + Level 6.5 Armour
 - Level 9.0 Dodging
 - Level 4.0 Stealth
 - Level 10.0 Shields
 - Level 2.0 Spellcasting
 - Level 1.0 Summonings
 - Level 5.0 Invocations
 - Level 5.0 Evocations


You had 17 spell levels left.
You didn't know any spells.
Your spell library contained the following spells:

 Spells                   Type           Power      Damage    Failure   Level
 Summon Small Mammal      Summ           12%        N/A       32%         1
 Foxfire                  Conj/Fire      4%         2x1d4     43%         1
 Magic Dart               Conj           4%         1d3       43%         1
 Call Imp                 Summ           3%         N/A       43%         2
 Call Canine Familiar     Summ           3%         N/A       65%         3
 Summon Guardian Golem    Hex/Summ       2%         N/A       71%         3
 Conjure Flame            Conj/Fire      1%         6-21      78%         3
 Inner Flame              Hex/Fire       1%         N/A       78%         3
 Mephitic Cloud           Conj/Pois/Air  1%         N/A       78%         3
 Animate Armour           Summ/Erth      4%         N/A       98%         4
 Flame Wave               Conj/Fire      1%         2d4       99%         4
 Dispersal                Tloc           0%         N/A       100%        6
 Iron Shot                Conj/Erth      0%         9d1       100%        6
 Orb of Destruction       Conj           0%         9d5       100%        7
 Spellforged Servitor     Conj/Summ      1%         N/A       100%        7
 Disjunction              Tloc           0%         N/A       100%        8
 Blade Hands              Tmut           Unusable   N/A       N/A         5

Dungeon Overview and Level Annotations

Branches:
Dungeon (10/15)            Temple (1/1) D:5            Lair (5/5) D:9
 Shoals (0/4) Lair:2       Spider (0/4) Lair:3        Slime (0/5) Lair:5
    Orc (2/2) D:9             Elf (0/3) Orc:2

Altars:
Ashenzari
Cheibriados
Dithmenos
Fedhas
Hepliaklqana
Kikubaaqudgha
Makhleb
Nemelex Xobeh
Okawaru
Qazlal
Ru
Sif Muna
Trog
Uskayaw
Vehumet
Wu Jian
Xom
Yredelemnul
Jiyva

Shops:
D:5 =   D:7 [   Orc:2 !!


Innate Abilities, Weirdness & Mutations

Your life essence is reduced to manifest your ancestor. (-10% HP)
You are immune to poison.
Your flesh is cold resistant. (rC+)
You are immune to negative energy. (rN+++)
You are immune to unholy pain and torment.
You are vulnerable to heat. (rF-)
You are strongly in touch with the powers of death.
You do not drink.


Message History

The orc high priest is moderately wounded.
You hit the orc high priest. You freeze the orc high priest.
The orc high priest is moderately wounded.
The orc knight hits you with a +2 great sword!!
You block the sun demon's attack.
You puncture the orc high priest! You freeze the orc high priest.
The orc high priest is severely wounded.
Mushu hits the orc knight with a +0 flail!!
You block the orc high priest's attack.
You hit the orc high priest. You freeze the orc high priest.
The orc high priest is severely wounded.
The sun demon barely misses you.
The orc knight hits you with a +2 great sword!!
* * * LOW HITPOINT WARNING * * *
Unknown command.
Okay, then.
Mushu hits the orc knight with a +0 flail!
Mushu blocks something's attack.
The orc knight roars a battlecry!
Unknown command.
Unknown command.
Mushu hits the orc high priest with a +0 flail!
The orc sorcerer gestures at you while chanting.
The bolt of fire hits Mushu!
Mushu resists.
The bolt of fire hits you!
* * * LOW HITPOINT WARNING * * *
The orc knight unwields a +2 great sword.
The orc knight wields a +0 arbalest.
The orc knight shoots a bolt.
The bolt completely misses you.
Blink to where?
Press: ? - help, Dir - move target, p - orc high priest
Okay, then.
Aiming: Bolt of Light
Press: ? - help, Shift-Dir - straight line, f/p - orc high priest
Aim: an orc high priest, wielding a +0 glaive and wearing a +0 ring mail (almost dead, strong, 71% to hit)
The bolt of light misses the orc high priest.
The orc high priest no longer looks unusually strong.
The sun demon hits you!!
You die...

..###..#####..#### ##..........
.###..###.####.#.## ##...........
###..###.[[###....###.#..........
##.[###.#)#)###..#...............
#).###..[#...###.................
))###)..###...####..#............
)###.).##.##.).#######.#.........
)[...[##...##...## #............
.#...## #.o##)o@###.#.#.#.......
....## #§.##§#3####...........
...## #.4.o...###........#.. ..##
##R#.....###....#..... ...##
#.o.....###........#.. ....##
#..##.#.####.##........ .#...##
#..##...###.#####.......
..).)o##...##...###...##.........
.###)..##.##...###.....o...##....


You could see the friendly Mushu the knight, an orc knight, an orc high priest,
a sun demon (summoned), a hellwing (summoned, expiring, distracted) and an orc
sorcerer (strong, ally target).

Vanquished Creatures
  Gastronok (Lair:2)
  The ghost of Vig Uhad the Martial Artist, a journeyman OpTm of Cheibriados (Lair:5)
  A catoblepas (Lair:5)
  3 hydras
  A deep troll shaman (Lair:5)
  6 death yaks
  5 orc high priests (Orc:2)
  Pikel (D:7)
  3 orc sorcerers
  A manticore (Lair:2)
  An orc knight (D:9)
  16 elephants
  3 black mambas
  8 cane toads
  A smoke demon (Orc:2)
  A torpor snail (Lair:5)
  7 komodo dragons
  A kobold demonologist (D:9)
  An ice devil (Orc:2)
  2 hellwings
  A troll (D:7)
  A wind drake (Lair:2)
  2 polar bears
  9 blink frogs
  7 dream sheep (Lair:5)
  A shadow (D:9)
  3 spriggans (Lair:3)
  4 wyverns
  2 wraiths (D:10)
  13 yaks
  A steam dragon (D:9)
  3 basilisks
  A warg (Orc:1)
  12 orc warriors
  A black bear (Lair:5)
  8 water moccasins
  An ice beast (D:7)
  A swamp drake (D:9)
  2 ogres
  10 wolves
  5 kobold brigands
  4 gnoll sergeants
  5 bullfrogs
  8 wights
  21 killer bees
  An electric eel (Lair:2)
  A howler monkey (D:8)
  A hound (D:6)
  21 orc priests
  3 jellies
  A gnoll bouda (D:7)
  Ijyb (D:5)
  An iguana (D:4)
  9 orc wizards
  5 adders
  20 gnolls
  A shadow imp (D:7)
  A white imp (D:7)
  An ufetubus (D:7)
  2 worms (D:5)
  A dart slug (D:2)
  46 orcs
  2 ball pythons
  2 endoplasms (D:1)
  3 giant cockroaches
  7 goblins
  A hobgoblin (D:2)
  2 jackals (D:2)
  3 quokkas
  7 bats
  3 frilled lizards
  16 kobolds
  3 rats
  A butterfly (Lair:1)
356 creatures vanquished.

Vanquished Creatures (collateral kills)
  A hydra (Lair:5)
  5 death yaks
  5 orc knights
  5 elephants (Lair:5)
  3 black mambas
  A smoke demon (Orc:2)
  2 cane toads
  A rime drake (Lair:4)
  4 komodo dragons
  A meliai (Lair:3)
  A polar bear (Lair:5)
  2 blink frogs
  A dream sheep (Lair:5)
  3 yaks
  3 wyverns
  2 steam dragons
  Menkaure (D:6)
  A water moccasin (Lair:4)
  11 orc warriors
  2 ice beasts
  An ogre (Orc:2)
  2 wolves (Lair:5)
  A bullfrog (Lair:2)
  A necrophage (D:6)
  A scorpion (D:6)
  11 wights
  2 killer bees
  A jelly (D:8)
  5 orc priests
  2 hounds
  3 orc wizards
  An iguana (D:6)
  6 gnolls
  2 adders
  A dart slug (D:4)
  20 orcs
  2 ball pythons (D:4)
  2 endoplasms (D:3)
  A quokka (D:4)
  2 kobolds
122 creatures vanquished.

Vanquished Creatures (others)
  9 knights
  A bush (Lair:4)
  18 fungi
  40 plants
68 creatures vanquished.

Grand Total: 546 creatures vanquished

Notes
Turn   | Place    | Note
-------+----------+-------------------------------------------
     0 | D:1      | wingedge the Mummy Wanderer began the quest for the Orb.
     0 | D:1      | wingedge set off with the following items: a +0
                  | quarterstaff, 2 throwing nets, a +0 leather armour, a
                  | scroll of fog, a scroll of silence.
     0 | D:1      | Reached XP level 1. HP: 13/13 MP: 1/1
   150 | D:1      | Reached skill level 1 in Fighting
   468 | D:1      | Reached XP level 2. HP: 22/22 MP: 2/2
   839 | D:2      | Reached skill level 2 in Fighting
   886 | D:2      | Reached skill level 1 in Throwing
   913 | D:2      | Gained mutation: You are in touch with the powers of death.
                  | [Mummy growth]
   913 | D:2      | Reached XP level 3. HP: 27/27 MP: 3/3
  1051 | D:2      | Reached skill level 1 in Short Blades
  1389 | D:2      | Found a faded altar of an unknown god.
  1399 | D:2      | Prayed at the altar of an unknown god.
  1399 | D:2      | Became a worshipper of Hepliaklqana the Forgotten
  1399 | D:2      | Reached * piety under Hepliaklqana
  1515 | D:3      | Found a snail-covered altar of Cheibriados.
  1681 | D:3      | Reached skill level 1 in Armour
  1686 | D:3      | Identified the +1 pair of gloves of Insurance {Will+ rCorr
                  | Dex+4 Stlth+}
  1811 | D:3      | Found a sparkling altar of Nemelex Xobeh.
  1849 | D:3      | Found a sacrificial altar of Ru.
  2049 | D:3      | Reached ** piety under Hepliaklqana
  2050 | D:3      | Remembered your ancestor Mushu as a knight
  2087 | D:3      | Reached XP level 4. HP: 29/29 MP: 4/4
  2585 | D:4      | Reached XP level 5. HP: 35/35 MP: 5/5
  2794 | D:5      | Entered Level 5 of the Dungeon
  2794 | D:5      | Found Zuyniul's Jewellery Emporium.
  2855 | D:5      | Reached skill level 3 in Fighting
  2861 | D:5      | Reached skill level 1 in Stealth
  3019 | D:5      | Identified the +1 leather armour of the Merchant {Drain rF-
                  | rC+ Str+6}
  3063 | D:5      | Noticed a water moccasin
  3077 | D:5      | Killed a water moccasin
  3078 | D:5      | Reached XP level 6. HP: 31/42 MP: 6/6
  3380 | D:5      | Reached *** piety under Hepliaklqana
  3380 | D:5      | Noticed an ice beast
  3393 | D:5      | Killed an ice beast
  3394 | D:5      | Reached skill level 4 in Fighting
  3510 | D:5      | Found a staircase to the Ecumenical Temple.
  3521 | Temple   | Entered the Ecumenical Temple
  3766 | D:5      | Noticed Ijyb
  3772 | D:5      | Killed Ijyb
  3791 | D:5      | Identified a scroll of acquirement
  3793 | D:5      | Acquired the +7 quick blade "Xom's Amusement" {freeze,
                  | Int+4}
  3829 | D:5      | Reached XP level 7. HP: 49/49 MP: 4/7
  3854 | D:6      | Reached skill level 1 in Invocations
  3887 | D:6      | Reached skill level 5 in Fighting
  3887 | D:6      | Reached skill level 1 in Spellcasting
  4117 | D:6      | Reached XP level 8. HP: 36/55 MP: 9/9
  4391 | D:6      | Reached skill level 6 in Fighting
  4422 | D:6      | Noticed Menkaure
  4431 | D:6      | Killed Menkaure
  4432 | D:6      | Reached skill level 5 in Short Blades
  5215 | D:7      | Noticed a troll
  5224 | D:7      | Killed a troll
  5225 | D:7      | Reached XP level 9. HP: 52/62 MP: 10/10
  5906 | D:7      | Noticed Pikel
  5924 | D:7      | Killed Pikel
  6181 | D:7      | Found Qumuline's Antique Armour Emporium.
  6237 | D:8      | Reached **** piety under Hepliaklqana
  6263 | D:8      | Reached skill level 5 in Dodging
  6459 | D:8      | Found a large runed translucent door.
  6466 | D:8      | Found a large runed translucent door.
  6493 | D:8      | Found a hazy altar of Hepliaklqana.
  6506 | D:8      | Found a hide-covered altar of Uskayaw.
  6544 | D:8      | Reached skill level 7 in Fighting
  6772 | D:8      | Reached XP level 10. HP: 72/72 MP: 11/11
  6788 | D:8      | Reached skill level 8 in Fighting
  7524 | D:9      | Found a staircase to the Lair.
  7818 | D:9      | Found a staircase to the Orcish Mines.
  8005 | D:9      | Found a shimmering altar of Xom.
  8358 | D:10     | Entered Level 10 of the Dungeon
  8431 | D:10     | Reached skill level 9 in Fighting
  8645 | D:10     | Reached skill level 10 in Fighting
  9315 | D:10     | Reached XP level 11. HP: 79/81 MP: 12/12
  9554 | Lair:1   | Entered Level 1 of the Lair of Beasts
 10716 | Lair:2   | Reached ***** piety under Hepliaklqana
 10873 | Lair:2   | Reached skill level 5 in Armour
 10878 | Lair:2   | Reached skill level 1 in Shields
 10889 | Lair:2   | Noticed Gastronok
 11167 | Lair:2   | Found a staircase to the Shoals.
 11897 | Lair:2   | Killed Gastronok
 11898 | Lair:2   | Reached skill level 5 in Shields
 11898 | Lair:2   | Reached XP level 12. HP: 87/87 MP: 14/14
 11925 | Lair:3   | Identified the +1 cloak "Eteegruo" {rN+}
 12098 | Lair:3   | Found a hole to the Spider Nest.
 12930 | Lair:4   | Noticed a six-headed hydra
 12947 | Lair:4   | Killed a six-headed hydra
 13290 | Lair:4   | Noticed a death yak
 13420 | Lair:4   | Noticed a death yak
 13462 | Lair:4   | Killed a death yak
 13474 | Lair:4   | Killed a death yak
 13571 | Lair:4   | Noticed a death yak
 13572 | Lair:4   | Noticed a death yak
 13573 | Lair:4   | Noticed a death yak
 13633 | Lair:4   | Killed a death yak
 13644 | Lair:4   | Killed a death yak
 13645 | Lair:4   | Reached skill level 10 in Shields
 13667 | Lair:4   | Killed a death yak
 14304 | Lair:5   | Entered Level 5 of the Lair of Beasts
 14354 | Lair:5   | Gained mutation: You are strongly in touch with the powers
                  | of death. [Mummy growth]
 14354 | Lair:5   | Reached XP level 13. HP: 82/92 MP: 15/15
 14658 | Lair:5   | Found a runed translucent gate.
 14658 | Lair:5   | Noticed Vig Uhad's ghost (journeyman OpTm)
 14659 | Lair:5   | Found a runed translucent gate.
 14660 | Lair:5   | Found a runed translucent gate.
 15054 | Lair:5   | Killed Vig Uhad's ghost
 15259 | Lair:5   | Identified the +2 long sword of Valour {vorpal, rN+ Dex+3}
 15314 | Lair:5   | Reached skill level 11 in Fighting
 15982 | Lair:5   | Found a viscous altar of Jiyva.
 15982 | Lair:5   | Found a staircase to the Slime Pits.
 16010 | Lair:5   | Reached skill level 1 in Ranged Weapons
 16413 | Lair:5   | Reached skill level 1 in Summonings
 16906 | Lair:5   | Reached skill level 5 in Evocations
 17153 | Lair:5   | Identified the +6 longbow of Wojual {freeze, rN+}
 17304 | Orc:1    | Entered Level 1 of the Orcish Mines
 17309 | Orc:1    | Reached XP level 14. HP: 101/101 MP: 17/17
 17442 | D:5      | Bought a ring of see invisible for 210 gold pieces
 18756 | Orc:2    | Entered Level 2 of the Orcish Mines
 19151 | Orc:2    | Found a staircase to the Elven Halls.
 19355 | Orc:2    | Found Xotweozo's Distillery.
 19590 | Orc:2    | Found Iwudasmi's Distillery.
 20366 | Orc:2    | Reached skill level 5 in Invocations
 21669 | Orc:2    | Reached skill level 12 in Fighting
 22120 | Orc:2    | Mangled by a sun demon

Illustrated notes

Levels and vault maps discovered:
D:1:      onia_arrival_mini_spirals, layout_rooms
D:2:      layout_basic, dreamdust_ecumenical_altar_hidden_monk_grotto,
          minivault_14
D:3:      layout_loops_corners, mainiacjoe_overflow_alcove_2,
          overflow_temple_1_default, nicolae_overflow_hidden_temple
D:4:      layout_rooms
D:5:      layout_rooms, temple_statues, eino_small_chamber_without_monster,
          nicolae_stop_n_shop_2, solitary_fountain, uniq_ijyb
D:6:      layout_cave_pools, uniq_menkaure
D:7:      layout_basic, serial_shops, kennysheep_mini, uniq_pikel
D:8:      layout_rooms, jmf_multi_god_temple2
D:9:      layout_loops_ring, mainiacjoe_overflow_surrounded_room,
          lair_entry_dummy, erik_orc_1
D:10:     layout_loops_ring, minmay_misc_feat_columns, st_stairs_9
Temple:   nicolae_temple_great_sept
Lair:1:   layout_cave_pods, minmay_holes, lemuel_fruit_fields
Lair:2:   layout_roguey, minmay_shoals_entry_beasts, special_room,
          serial_bayou_shore_a, uniq_gastronok
Lair:3:   layout_roguey, hellmonk_spider_entry_not_the_bees, wad_woods_02
Lair:4:   layout_small_grid, hibernation_bobbens
Lair:5:   grunt_lair_end_beastmaster, layout_regular_city,
          dpeg_slime_entry_enclosed, gammafunk_ghost_hydra_chop,
          hangedman_lair_generics_rect, infiniplex_staircase_pool_2
Orc:1:    layout_caves
Orc:2:    pf_orc_diabolical, layout_caves

Skill      XL: |  1  2  3  4  5  6  7  8  9 10 11 12 13 14 |
---------------+-------------------------------------------+-----
Fighting       | 1 2 3 4 5 6 7 10 11 12 | 12.0
Throwing       | 1 2 |  2.0
Short Blades   | 1 2 4 6 8 9 |  9.9
Armour         | 1 2 3 4 5 6 |  6.5
Stealth        | 3 4 |  4.0
Invocations    | 1 2 3 4 5 |  5.0
Spellcasting   | 1 2 |  2.0
Evocations     | 2 3 5 |  5.0
Dodging        | 5 6 7 9 |  9.0
Shields        | 5 10 | 10.0
Ranged Weapons | 1 |  1.0
Summonings     | 1 |  1.0
Long Blades    | |  0.6
Staves         | |  3.2

Action                   |  1- 3 |  4- 6 |  7- 9 | 10-12 | 13-15 || total
-------------------------+-------+-------+-------+-------+-------++-------
Melee: Dagger            |    91 |    76 |       |       |       ||   167
       Quarterstaff      |     4 |       |       |       |       ||     4
       Punch             |       |     1 |     2 |     2 |       ||     5
       Quick blade       |       |     6 |   256 |   822 |   943 ||  2027
 Fire: Sling             |       |       |       |       |     1 ||     1
Throw: Throwing net      |     1 |     4 |       |     1 |     1 ||     7
       Dart              |       |       |       |     1 |     3 ||     4
Invok: Ancestor Life: Kn |     1 |       |       |       |       ||     1
       Ancestor Identity |     1 |       |       |       |       ||     1
       Recall Ancestor   |       |     2 |       |     2 |     7 ||    11
       Transference      |       |       |       |     1 |     7 ||     8
       Idealise          |       |       |       |       |     5 ||     5
Evoke: Wand              |       |       |       |     4 |     3 ||     7
  Use: Scroll            |       |     6 |       |     6 |     6 ||    18
 Stab: Held in net/web   |     1 |     2 |       |     2 |       ||     5
       Sleeping          |     2 |     4 |     8 |    20 |     3 ||    37
       Distracted        |       |       |       |     5 |    11 ||    16
Armor: Leather armour    |     4 |       |       |       |       ||     4
       Ring mail         |    31 |    15 |    29 |    69 |   128 ||   272
       Steam dragon scal |       |       |       |     6 |       ||     6
Dodge: Dodged            |    50 |    48 |    75 |   174 |   311 ||   658
Block: Other             |       |       |    12 |    35 |       ||    47
       Kite shield       |       |       |       |   162 |   538 ||   700
       Reflection        |       |       |       |     1 |     2 ||     3
